 Dungeon Crawl Stone Soup version 0.24-a0-520-g8fd06ad0bc (webtiles) character file.

Game seed: 1539356846262685362

23 Iscandelvey the Vexing (level 2, 21/21 HPs)
             Began as a Demonspawn Arcane Marksman on July 25, 2019.
             Quit the game on level 1 of the Dungeon.
             The game lasted 00:00:29 (1042 turns).

Iscandelvey the Vexing (Demonspawn Arcane Marksman) Turns: 1042, Time: 00:00:30

Health: 21/21      AC:  2    Str: 10    XL:     2   Next: 75%
Magic:  3/3        EV: 12    Int: 14    God:
Gold:   19         SH:  0    Dex: 13    Spells: 2/3 levels left

rFire    . . .     SeeInvis .   a - +0 hunting sling
rCold    + . .     Gourm    .   (no shield)
rNeg     . . .     Faith    .   e - +0 robe
rPois    .         Spirit   .   (no helmet)
rElec    .         Reflect  .   (no cloak)
rCorr    .         Harm     .   (no gloves)
MR       .....                  (no boots)
Stlth    +.........             (no amulet)
HPRegen  0.07/turn              (no ring)
MPRegen  0.08/turn              (no ring)

@: very slow
A: cold resistance 1
a: no special abilities


You were on level 1 of the Dungeon.
You were not hungry.

You visited 1 branch of the dungeon, and saw 1 of its levels.

You collected 19 gold pieces.

Inventory:

Hand Weapons
 a - a +0 hunting sling (weapon)
Missiles
 c - 31 stones
 d - 7 sling bullets (quivered)
Armour
 e - a +0 robe (worn)
Scrolls
 b - a scroll of remove curse {unknown}
 g - 2 scrolls of identify {unknown}
 k - a scroll of amnesia {unknown}
Potions
 h - 2 potions of resistance {unknown}
 i - a potion of might {unknown}
 j - a potion of flight {unknown}
 l - a potion of degeneration {unknown}
Comestibles
 f - 4 rations


   Skills:
 + Level 1.2 Fighting
 + Level 2.5 Slings
 + Level 1.8 Dodging
 + Level 1.0 Spellcasting
 + Level 3.3 Hexes


You had 2 spell levels left.
You knew the following spells:

 Your Spells              Type           Power        Failure   Level  Hunger
a - Corona                Hex            ##.....      7%          1    ##.....

Your spell library contained the following spells:

 Spells                   Type           Power        Failure   Level  Hunger
 Slow                     Hex            ##......     10%         2    ###....
 Inner Flame              Hex/Fire       #.......     36%         3    ####...
 Portal Projectile        Hex/Tloc       #.....       36%         3    ####...
 Cause Fear               Hex            ##........   54%         4    #####..
 Leda's Liquefaction      Hex/Erth       #.........   78%         4    #####..


Dungeon Overview and Level Annotations

Branches:
Dungeon (1/15)

Altars:


Innate Abilities, Weirdness & Mutations

Your flesh is cold resistant. (rC+)


Message History

Moving in this stuff is going to be slow.
Key pressed, stopping explore.
No target in view!
You enter the shallow water.
Moving in this stuff is going to be slow.
You enter the shallow water.
Moving in this stuff is going to be slow.
You enter the shallow water.
Moving in this stuff is going to be slow.
Partly explored, can't reach some places.
No target in view!
Partly explored, can't reach some places.
No target in view!
Partly explored, can't reach some places.
No target in view!
Partly explored, can't reach some places.
No target in view!
Partly explored, can't reach some places.
Partly explored, can't reach some places.
Are you sure you want to abandon this character and quit the game? (Confirm with "yes".)

####.......###'## ##....#.
##...#####...## #....##
###[...........#####....
#≈####..........##......
#≈≈#≈#PP.........#...#.#
#≈≈≈≈≈≈≈≈.......####...
##≈≈≈≈≈≈......>.##.#...
###≈≈≈≈P.≈....#...###.
###≈@≈≈PP≈≈.##.###.).
##...P≈≈≈≈≈...#.# #...
#....≈≈≈≈≈≈.≈...# ####
#####.#...≈≈≈≈≈≈.≈..# #.#
#.##..##..≈≈≈≈≈P.≈..# #.#
#....####..≈≈≈≈≈≈≈≈.# #.#
#.#### #...≈≈≈≈≈≈..####.#
#.#######.(P≈≈≈≈≈≈≈......#
#............≈≈≈≈≈≈..#####


There were no monsters in sight!

Vanquished Creatures
  A leopard gecko (D:1)
  5 bats (D:1)
  A goblin (D:1)
  5 hobgoblins (D:1)
  3 frilled lizards (D:1)
  4 kobolds (D:1)
  2 rats (D:1)
21 creatures vanquished.

Notes
Turn   | Place    | Note
-------+----------+-------------------------------------------
     0 | D:1      | Iscandelvey the Demonspawn Arcane Marksman began the quest
                  | for the Orb.
     0 | D:1      | Reached XP level 1. HP: 15/15 MP: 2/2
   210 | D:1      | Gained mutation: Your flesh is cold resistant. (rC+)
                  | [demonic ancestry]
   210 | D:1      | Reached XP level 2. HP: 20/21 MP: 3/3
  1042 | D:1      | Quit the game

Levels and vault maps discovered:
D:1:      ncdulo_watergridlock, layout_loops_corners, kennysheep_flooded_box,
          chequers_big_river, hangedman_decor_push

Skill      XL: |  1 |
---------------+----+-----
Slings         | 2 |  2.5
Fighting       | |  1.2
Dodging        | |  1.8
Spellcasting   | |  1.0
Hexes          | |  3.3

Action                   || total
-------------------------++-------
 Fire: Hunting sling     ||    81
Armor: Robe              ||     6
Dodge: Dodged            ||    16

Table legend:
 A = Non-vault XP
 B = Vault XP
 C = Vault XP percentage of total XP
 D = Non-vault monster count
 E = Vault monster count
 F = Vault count percentage of total count
                 A         B        C        D         E       F
            +---------+---------+-------+---------+---------+-------
      Total |      34 |       0 |   0.0 |      21 |       0 |   0.0
            +---------+---------+-------+---------+---------+-------
        D:1 |      34 |       0 |   0.0 |      21 |       0 |   0.0
            +---------+---------+-------+---------+---------+-------
